 Dungeon Crawl Stone Soup version 0.29.1-15-g9cfb28693d (webtiles) character file.

Game seed: 9879172339234180851

44 croobank the Sneak (level 3, -6/26 HPs)
             Began as an Octopode Delver on Mar 13, 2023.
             Killed from afar by Blork the orc (11 damage)
             ... with a puff of flame
             ... on level 6 of the Dungeon.
             The game lasted 00:03:59 (845 turns).

croobank the Sneak (Octopode Delver)                 Turns: 845, Time: 00:03:59

Health: -6/26      AC:  1    Str: 11    XL:     3   Next: 62%
Magic:  3/3        EV: 13    Int: 14    God:
Gold:   79         SH:  0    Dex: 13    Spells: 2/2 levels left

rFire   . . .      SeeInvis .   a - +1 hand axe (vamp)
rCold   . . .      Faith    .   (no shield)
rNeg    . . .      Spirit   .   (helmet restricted)
rPois   .          Reflect  .   (no amulet)
rElec   .          Harm     .   (no ring)
rCorr   .          Rampage  .   (no ring)
Will    .....                   (no ring)
Stlth   ++++......              (no ring)
HPRegen 0.08/turn               (no ring)
MPRegen 0.08/turn               (no ring)
                                (no ring)
                                (no ring)

@: lethally poisoned (-6 -> -6), weak-willed
A: almost no armour, amphibious, 8 rings, camouflage 1, gelatinous body 1,
(nimble swimmer 1), tentacles
a: no special abilities


You were on level 6 of the Dungeon.
You visited 1 branch of the dungeon, and saw 4 of its levels.

You collected 79 gold pieces.

Inventory:

Hand Weapons
 a - a +1 vampiric hand axe (weapon)
 e - a +0 dagger
 i - a +0 quarterstaff
Jewellery
 m - a ring of poison resistance
Wands
 f - a wand of digging (2)
Scrolls
 h - 4 scrolls of identify {unknown}
 k - a scroll of amnesia {unknown}
Potions
 g - 2 potions of curing {unknown}
 j - a potion of degeneration {unknown}
 l - 2 potions of mutation {unknown}


   Skills:
 + Level 3.4 Fighting
 + Level 2.5 Axes
 + Level 2.5 Dodging
 + Level 7.0 Stealth


You had 2 spell levels left.
You didn't know any spells.
Your spell library was empty.

Dungeon Overview and Level Annotations

Branches:
Dungeon (6/15)
 Temple: D:4-7

Altars:
Fedhas
Gozag
Okawaru
Ru
Sif Muna
Xom

Annotations:
D:6 Blork the orc


Innate Abilities, Weirdness & Mutations

You cannot wear most types of armour.
You are amphibious.
You can wear up to eight rings at the same time.
Your skin changes colour to match your surroundings (Stealth+).
Your rubbery body absorbs attacks. (AC +1, EV +1)
((You are camouflaged when in or above water. (Stealth+)))
You have tentacles for arms and can constrict up to eight enemies at once.


Message History

Okay, then.
As you read the scroll of fog, it crumbles to dust.
The scroll dissolves into smoke.
Found an escape hatch in the floor.
A scorpion comes into view.
There is an escape hatch in the floor here.
Aiming: Dig
Press: ? - help, Shift-Dir - straight line A rock wall.
The rock shatters into small pieces.
An adder comes into view.
The adder hisses angrily.
Blork the orc jeers to no one in particular.
Blork the orc gestures at you while chanting.
The puff of flame hits you! The adder misses you.
You miss the adder.
The bullfrog croaks.
Your grab misses the adder. Your squeeze misses the adder. The adder bites you.
You hit the adder. Your grab misses the adder. Your squeeze misses the adder.
The adder is moderately wounded.
The adder bites you.
You are poisoned.
The adder poisons you! The adder closely misses you.
You hit the adder.
You feel better.
Your grab misses the adder. You squeeze the adder.
You kill the adder!
You feel sick. The bullfrog closely misses you.
Your Stealth skill increases to level 7!
As you read the scroll labelled CESAOCL QOJUI, it crumbles to dust.
Magic quickly surges around you.
It was a scroll of vulnerability.
You feel sick. The bullfrog hits you. The bullfrog closely misses you.
Blork the orc mumbles some strange words.
Blork the orc seems to speed up.
It was a potion of magic.
Magic courses through your body.
You feel sick. The bullfrog hits you.
* * * LOW HITPOINT WARNING * * *
Blork the orc gestures at you while chanting.
The puff of flame hits you!
You die...

#.# ..... .......
#.#### .o..... ......#.
#.##..............#....
#.##.##.....<...
#.##o##..........
#.##.# ... #..#.# #.#
##.#.##F# #.#.#@#
#.#.o## #.#.## #.#.#
#.#.# ##.#.########
#....>......s
#.#########.. #.


You could see Blork the orc (fast, weak-willed) and a bullfrog (weak-willed).

Vanquished Creatures
  3 adders
  4 orcs
  A bat (D:3)
  An endoplasm (D:3)
  2 goblins (D:3)
  A hobgoblin (D:3)
  A frilled lizard (D:3)
  A kobold (D:3)
14 creatures vanquished.

Notes
Turn   | Place    | Note
-------+----------+-------------------------------------------
     0 | D:5      | croobank the Octopode Delver began the quest for the Orb.
     0 | D:5      | Reached XP level 1. HP: 16/16 MP: 1/1
     6 | D:5      | Noticed a black bear
    16 | D:6      | Noticed Blork the orc
    76 | D:5      | Noticed a scorpion
    78 | D:5      | Noticed an ice beast
   276 | D:6      | Noticed a centaur
   306 | D:6      | Noticed a bullfrog
   370 | D:4      | Found a sacrificial altar of Ru.
   370 | D:4      | Found an iron altar of Okawaru.
   370 | D:4      | Found a shimmering altar of Xom.
   370 | D:4      | Found a blossoming altar of Fedhas.
   373 | D:4      | Found a shimmering blue altar of Sif Muna.
   413 | D:4      | Noticed an orc priest
   428 | D:4      | Found an opulent altar of Gozag.
   684 | D:3      | Reached XP level 2. HP: 21/21 MP: 2/2
   692 | D:3      | Reached XP level 3. HP: 23/26 MP: 3/3
   765 | D:3      | You fall into a shaft and drop 3 floors!
   827 | D:6      | Noticed a scorpion
   844 | D:6      | Reached skill level 7 in Stealth
   845 | D:6      | Killed from afar by Blork the orc

Illustrated notes

Levels and vault maps discovered:
D:3:      layout_basic
D:4:      layout_basic, lemuel_round_altar, nicolae_overflow_hidden_temple,
          minivault_27
D:5:      layout_gridville, grunt_temple_overflow_lords_of_destruction,
          minmay_pentangle
D:6:      layout_loops_ring, uniq_eustachio, uniq_blork_the_orc, uniq_pikel

Skill      XL: |  1  2  3 |
---------------+----------+-----
Stealth        | 7 |  7.0
Fighting       | |  3.4
Axes           | |  2.5
Dodging        | |  2.5

Action                   || total
-------------------------++-------
Melee: Hand axe          ||    41
       Constrict         ||     8
       Tentacles         ||     7
Evoke: Wand              ||     1
  Use: Scroll            ||     4
       Potion            ||     2
 Stab: Sleeping          ||     2
Armor: Skin              ||     2
Dodge: Dodged            ||    25
